[ AOE2 MATCH · #463339100 ]
UnrankedBohemians vs Dravidians
[ REPLAY ANALYSIS · EXTRACTED FROM THE RECORDED GAME ]
Feudal
12:43
Castle
22:20
Imperial
35:37
| APM avg | 17.1 |
| APM peak | 49 |
| eAPM avg | 9.5 |
| Villagers / military | 157 / 42 |
Focus
⚔️ 18.9% · 🌾 81.1%
Spearman ×31 · Fishing Ship ×10 · Bombard Cannon ×10 · Monk ×1
Feudal
14:30
Castle
27:39
Imperial
—
| APM avg | 55.8 |
| APM peak | 115 |
| eAPM avg | 35.5 |
| Villagers / military | 61 / 27 |
Focus
⚔️ 12.7% · 🌾 87.3%
Unknown (2110) ×12 · Archer ×6 · Spearman ×6 · Skirmisher ×6 · Militia ×5 · Unknown (2162) ×3
Feudal
—
Castle
—
Imperial
—
| APM avg | 7.9 |
| APM peak | 19 |
| eAPM avg | 6.3 |
| Villagers / military | 61 / 0 |
Focus
⚔️ 5.8% · 🌾 94.2%
Trade Cart ×6
Feudal
11:24
Castle
15:20
Imperial
32:26
| APM avg | 27.6 |
| APM peak | 50 |
| eAPM avg | 17.3 |
| Villagers / military | 106 / 136 |
Focus
⚔️ 23.7% · 🌾 76.3%
Militia ×100 · Fishing Ship ×24 · Spearman ×15 · Bombard Cannon ×10 · Urumi Swordsman ×5 · Armored Elephant ×5
Feudal
10:33
Castle
14:56
Imperial
30:19
| APM avg | 38.7 |
| APM peak | 92 |
| eAPM avg | 23.5 |
| Villagers / military | 166 / 129 |
Focus
⚔️ 27.4% · 🌾 72.6%
Huskarl ×117 · Spearman ×8 · Monk ×4
Feudal
14:13
Castle
21:01
Imperial
—
| APM avg | 19.1 |
| APM peak | 50 |
| eAPM avg | 9.6 |
| Villagers / military | 60 / 39 |
Focus
⚔️ 22.0% · 🌾 78.0%
Cataphract ×17 · Fishing Ship ×14 · Cavalry Archer ×12 · Scorpion ×9 · Trade Cart ×9 · Monk ×1
Feudal
12:36
Castle
25:36
Imperial
—
| APM avg | 9.5 |
| APM peak | 28 |
| eAPM avg | 6.8 |
| Villagers / military | 60 / 27 |
Focus
⚔️ 21.1% · 🌾 78.9%
Scout Cavalry ×9 · Knight ×4 · Spearman ×4 · Cavalry Archer ×4 · Militia ×3 · Battering Ram ×2
Feudal
12:47
Castle
18:46
Imperial
32:38
| APM avg | 28.1 |
| APM peak | 120 |
| eAPM avg | 19.1 |
| Villagers / military | 161 / 149 |
Focus
⚔️ 35.2% · 🌾 64.8%
Knight ×143 · Bombard Cannon ×5 · Monk ×1
Match map
Initial resources + every placement click. Lines = walls · curves = elevation contours. ◆ gold · ⬟ stone · ● berries · ✦ relic · ◌ wall gap
Inputs per minute
— Caçador - - DtQW1
Build order — Caçador
First 150 of 227 actions detected
| 0:05 | Build | House |
| 0:07 | Build | House |
| 0:11 | Research | Loom |
| 0:12 | Create | Villager (Male) ×4 |
| 1:00 | Build | Palisade Wall |
| 2:14 | Build | House |
| 2:17 | Build | Lumber Camp |
| 2:26 | Create | Villager (Male) |
| 3:17 | Create | Villager (Male) |
| 3:42 | Create | Villager (Male) |
| 4:14 | Create | Villager (Male) |
| 4:42 | Create | Villager (Male) |
| 4:42 | Create | Villager (Male) |
| 5:12 | Create | Villager (Male) |
| 5:13 | Create | Villager (Male) |
| 5:17 | Build | Mill |
| 5:33 | Create | Villager (Male) |
| 6:07 | Create | Villager (Male) |
| 6:08 | Create | Villager (Male) |
| 6:38 | Create | Villager (Male) |
| 7:15 | Build | Dock |
| 7:25 | Create | Villager (Male) |
| 7:25 | Create | Villager (Male) |
| 7:44 | Create | Villager (Male) |
| 7:57 | Create | Villager (Male) |
| 8:14 | Build | House |
| 8:26 | Create | Villager (Male) |
| 9:06 | Create | Villager (Male) |
| 9:23 | Create | Villager (Male) |
| 9:24 | Create | Villager (Male) |
| 10:08 | Create | Villager (Male) |
| 10:10 | Create | Villager (Male) |
| 10:31 | Research | Feudal Age |
| 11:07 | Build | Mill |
| 11:37 | Create | Fishing Ship |
| 11:51 | Create | Villager (Male) |
| 11:51 | Create | Villager (Male) |
| 12:25 | Build | House |
| 12:26 | Build | House |
| 12:43 | Age | Feudal Age |
| 12:50 | Research | Double-Bit Axe |
| 13:45 | Build | Stone Wall |
| 13:50 | Create | Villager (Male) |
| 13:50 | Create | Villager (Male) |
| 13:51 | Create | Villager (Male) |
| 14:09 | Research | Tech 906 |
| 14:37 | Build | Lumber Camp |
| 14:51 | Build | Farm |
| 14:57 | Create | Villager (Male) |
| 15:38 | Research | Wheelbarrow |
| 15:52 | Build | Mining Camp |
| 15:59 | Create | Villager (Male) ×5 |
| 17:15 | Build | Mining Camp |
| 17:27 | Build | Outpost |
| 17:38 | Build | Fish Trap |
| 17:41 | Create | Fishing Ship |
| 17:41 | Create | Fishing Ship |
| 17:46 | Create | Villager (Male) |
| 17:47 | Create | Villager (Male) |
| 18:17 | Build | House |
| 18:18 | Build | House |
| 18:19 | Build | House |
| 18:30 | Build | Fish Trap |
| 18:38 | Create | Villager (Male) |
| 18:39 | Create | Villager (Male) |
| 18:44 | Research | Town Watch |
| 18:53 | Build | Blacksmith |
| 18:58 | Build | Market |
| 19:40 | Research | Castle Age |
| 20:05 | Build | Fish Trap |
| 20:08 | Create | Fishing Ship |
| 20:09 | Create | Fishing Ship |
| 20:09 | Create | Fishing Ship |
| 20:09 | Create | Fishing Ship |
| 20:21 | Research | Horse Collar |
| 20:49 | Build | House |
| 20:53 | Build | House |
| 21:01 | Create | Villager (Male) |
| 21:01 | Create | Villager (Male) |
| 21:15 | Build | Fish Trap |
| 21:49 | Research | Forging |
| 21:52 | Research | Scale Mail Armor |
| 21:53 | Research | Fletching |
| 21:53 | Research | Padded Archer Armor |
| 22:20 | Age | Castle Age |
| 22:42 | Build | Castle |
| 22:52 | Build | Fish Trap |
| 22:54 | Build | Fish Trap |
| 22:56 | Build | Fish Trap |
| 22:59 | Research | Gillnets |
| 23:00 | Create | Fishing Ship |
| 23:00 | Create | Fishing Ship |
| 23:00 | Create | Fishing Ship |
| 23:11 | Build | University |
| 23:18 | Research | Bow Saw |
| 23:46 | Build | Town Center |
| 23:53 | Create | Villager (Male) ×2 |
| 24:09 | Build | Fish Trap |
| 24:19 | Build | Fish Trap |
| 24:37 | Create | Villager (Male) |
| 25:11 | Create | Villager (Male) |
| 25:13 | Create | Villager (Male) ×3 |
| 25:17 | Build | Fish Trap |
| 25:30 | Build | Farm |
| 25:45 | Build | Fish Trap |
| 26:02 | Build | Monastery |
| 26:03 | Create | Villager (Male) ×4 |
| 26:04 | Create | Villager (Male) |
| 26:22 | Build | Town Center |
| 26:36 | Create | Villager (Male) |
| 26:41 | Create | Villager (Male) |
| 26:52 | Create | Monk |
| 27:01 | Build | Farm |
| 27:05 | Research | Heavy Plow |
| 27:12 | Build | Farm |
| 27:12 | Build | Farm |
| 27:12 | Build | Farm |
| 27:14 | Build | Farm |
| 27:24 | Create | Villager (Male) ×2 |
| 27:24 | Create | Villager (Male) |
| 27:30 | Create | Villager (Male) ×4 |
| 27:30 | Create | Villager (Male) |
| 27:30 | Create | Villager (Male) |
| 27:35 | Build | Farm |
| 27:35 | Build | Farm |
| 27:36 | Build | Farm |
| 27:37 | Build | Farm |
| 27:55 | Create | Villager (Male) ×3 |
| 27:55 | Create | Villager (Male) |
| 28:20 | Create | Villager (Male) ×3 |
| 28:21 | Create | Villager (Male) |
| 28:46 | Build | Town Center |
| 28:49 | Create | Villager (Male) ×4 |
| 28:49 | Create | Villager (Male) |
| 29:11 | Create | Villager (Male) ×5 |
| 29:11 | Create | Villager (Male) |
| 29:20 | Build | Mill |
| 29:21 | Build | Farm |
| 29:22 | Build | Farm |
| 29:22 | Build | Farm |
| 29:22 | Build | Farm |
| 29:24 | Build | Farm |
| 29:29 | Build | Farm |
| 29:30 | Build | Farm |
| 29:30 | Build | Farm |
| 29:32 | Build | Farm |
| 29:34 | Build | Farm |
| 29:45 | Create | Villager (Male) ×5 |
| 29:46 | Create | Villager (Male) ×5 |
| 30:26 | Create | Villager (Male) ×5 |
Build order — DtQW1
First 150 of 186 actions detected
| 0:06 | Research | Loom |
| 0:07 | Create | Villager (Male) ×4 |
| 0:09 | Build | House |
| 0:17 | Build | House |
| 0:53 | Build | Palisade Wall |
| 0:56 | Build | Palisade Wall |
| 0:57 | Build | Palisade Wall |
| 1:55 | Build | Building 796 |
| 2:25 | Create | Villager (Male) |
| 2:26 | Create | Villager (Male) |
| 3:09 | Create | Villager (Male) |
| 3:09 | Create | Villager (Male) |
| 3:21 | Build | House |
| 3:47 | Build | Palisade Wall |
| 3:49 | Build | Palisade Wall |
| 3:51 | Build | Palisade Wall |
| 3:53 | Build | Palisade Wall |
| 3:55 | Create | Villager (Male) |
| 4:14 | Create | Villager (Male) |
| 4:15 | Create | Villager (Male) |
| 4:46 | Create | Villager (Male) |
| 4:46 | Create | Villager (Male) |
| 4:46 | Create | Villager (Male) |
| 5:23 | Create | Villager (Male) |
| 5:24 | Create | Villager (Male) |
| 5:51 | Build | Palisade Wall |
| 5:54 | Build | Building 800 |
| 5:55 | Create | Villager (Male) |
| 5:55 | Create | Villager (Male) |
| 6:09 | Build | Lumber Camp |
| 6:16 | Create | Villager (Male) |
| 6:16 | Create | Villager (Male) |
| 6:36 | Build | Palisade Wall |
| 6:49 | Create | Villager (Male) |
| 6:50 | Create | Villager (Male) |
| 7:44 | Create | Villager (Male) |
| 7:48 | Build | Mill |
| 8:18 | Create | Villager (Male) |
| 8:27 | Create | Villager (Male) |
| 9:06 | Create | Villager (Male) |
| 9:13 | Build | House |
| 9:14 | Build | House |
| 9:17 | Create | Villager (Male) |
| 9:54 | Create | Villager (Male) |
| 10:13 | Create | Villager (Male) |
| 10:14 | Create | Villager (Male) |
| 10:26 | Build | Mill |
| 11:00 | Build | Farm |
| 11:18 | Build | Farm |
| 11:28 | Build | Farm |
| 12:08 | Build | Building 796 |
| 12:20 | Research | Feudal Age |
| 12:55 | Build | Building 796 |
| 13:50 | Build | Mining Camp |
| 14:30 | Age | Feudal Age |
| 15:09 | Build | House |
| 15:15 | Build | Barracks |
| 15:24 | Create | Villager (Male) |
| 15:40 | Create | Villager (Male) |
| 15:55 | Build | House |
| 15:57 | Build | House |
| 16:01 | Create | Villager (Male) |
| 16:16 | Build | House |
| 16:38 | Create | Spearman |
| 16:39 | Create | Militia |
| 16:40 | Research | Man-at-Arms (upgrade) |
| 16:41 | Create | Militia |
| 16:47 | Research | Horse Collar |
| 16:51 | Create | Villager (Male) |
| 17:09 | Create | Villager (Male) |
| 17:15 | Build | Mining Camp |
| 18:17 | Create | Spearman |
| 18:18 | Create | Spearman |
| 18:18 | Create | Spearman |
| 18:18 | Create | Spearman |
| 18:19 | Create | Spearman |
| 18:24 | Build | Farm |
| 18:56 | Build | Palisade Wall |
| 19:29 | Create | Villager (Male) |
| 19:32 | Create | Villager (Male) |
| 19:35 | Build | Mining Camp |
| 19:38 | Create | Villager (Male) |
| 19:45 | Build | Blacksmith |
| 19:51 | Create | Villager (Male) |
| 20:06 | Create | Villager (Male) |
| 20:26 | Research | Man-at-Arms (upgrade) |
| 20:26 | Create | Militia |
| 21:15 | Build | Farm |
| 21:16 | Build | Farm |
| 21:18 | Build | Farm |
| 21:19 | Build | Farm |
| 21:24 | Create | Villager (Male) |
| 22:10 | Build | Archery Range |
| 22:23 | Research | Double-Bit Axe |
| 22:26 | Create | Villager (Male) |
| 22:38 | Create | Unit 2162 |
| 22:38 | Create | Unit 2162 |
| 23:01 | Build | Archery Range |
| 23:10 | Build | Blacksmith |
| 23:18 | Create | Villager (Male) |
| 23:26 | Build | Farm |
| 23:29 | Build | Farm |
| 23:32 | Build | Farm |
| 23:34 | Build | Farm |
| 23:36 | Build | Farm |
| 23:38 | Build | Farm |
| 24:01 | Build | Watch Tower |
| 24:14 | Build | Farm |
| 24:21 | Build | Farm |
| 24:27 | Build | Farm |
| 24:29 | Build | Farm |
| 24:39 | Build | Farm |
| 24:59 | Research | Castle Age |
| 25:16 | Build | Mining Camp |
| 25:23 | Create | Archer |
| 25:24 | Create | Skirmisher |
| 25:26 | Create | Archer |
| 25:27 | Create | Skirmisher |
| 25:27 | Create | Archer |
| 25:34 | Create | Militia |
| 25:35 | Create | Militia |
| 25:42 | Build | House |
| 25:44 | Build | House |
| 25:46 | Build | House |
| 25:48 | Build | House |
| 26:01 | Build | House |
| 26:03 | Build | House |
| 26:04 | Build | House |
| 26:06 | Build | House |
| 26:07 | Build | House |
| 26:12 | Create | Villager (Male) |
| 26:15 | Create | Villager (Male) |
| 26:15 | Create | Villager (Male) |
| 26:30 | Research | Gold Mining |
| 27:02 | Research | Forging |
| 27:39 | Age | Castle Age |
| 27:44 | Build | Siege Workshop |
| 27:54 | Create | Skirmisher |
| 27:55 | Create | Archer |
| 28:02 | Create | Skirmisher |
| 28:02 | Create | Archer |
| 28:14 | Create | Unit 2162 |
| 28:15 | Research | Scale Mail Armor |
| 28:20 | Research | Squires |
| 28:39 | Research | Stone Mining |
| 29:11 | Research | Heavy Plow |
| 30:06 | Research | Crossbowman (upgrade) |
| 30:07 | Create | Skirmisher |
| 30:07 | Create | Skirmisher |
| 30:08 | Create | Archer |
Build order — dorresaurio
147 actions detected in the replay
| 0:18 | Research | Loom |
| 0:27 | Build | Mill |
| 0:33 | Build | House |
| 0:34 | Build | House |
| 0:37 | Create | Villager (Male) |
| 0:37 | Create | Villager (Male) |
| 0:37 | Create | Villager (Male) |
| 0:37 | Create | Villager (Male) |
| 0:38 | Create | Villager (Male) |
| 2:22 | Create | Villager (Male) |
| 3:33 | Create | Villager (Male) |
| 3:33 | Create | Villager (Male) |
| 4:24 | Create | Villager (Male) |
| 5:07 | Build | Lumber Camp |
| 5:11 | Create | Villager (Male) |
| 5:43 | Create | Villager (Male) |
| 8:15 | Research | Feudal Age |
| 9:52 | Build | House |
| 9:53 | Build | House |
| 9:54 | Build | House |
| 9:55 | Build | House |
| 10:32 | Research | Wheelbarrow |
| 10:35 | Research | Double-Bit Axe |
| 11:49 | Build | Market |
| 12:02 | Create | Villager (Male) |
| 12:40 | Build | Farm |
| 13:53 | Build | Mill |
| 14:16 | Research | Town Watch |
| 14:43 | Create | Villager (Male) |
| 14:43 | Create | Villager (Male) |
| 14:43 | Create | Villager (Male) |
| 14:43 | Create | Villager (Male) |
| 14:44 | Create | Villager (Male) |
| 14:44 | Create | Villager (Male) |
| 14:45 | Create | Villager (Male) |
| 17:03 | Create | Trade Cart |
| 17:03 | Create | Trade Cart |
| 17:29 | Create | Villager (Male) |
| 17:30 | Create | Villager (Male) |
| 17:30 | Create | Villager (Male) |
| 17:30 | Create | Villager (Male) |
| 17:31 | Create | Villager (Male) |
| 17:32 | Create | Villager (Male) |
| 18:05 | Build | Mining Camp |
| 18:14 | Build | Farm |
| 19:09 | Research | Gold Mining |
| 19:36 | Create | Villager (Male) |
| 20:18 | Create | Villager (Male) |
| 20:19 | Create | Villager (Male) |
| 20:19 | Create | Villager (Male) |
| 20:20 | Create | Villager (Male) |
| 20:28 | Create | Villager (Male) |
| 20:39 | Build | Farm |
| 20:41 | Build | Farm |
| 20:48 | Build | Farm |
| 21:26 | Build | Blacksmith |
| 21:28 | Build | Blacksmith |
| 21:54 | Build | House |
| 21:55 | Build | House |
| 21:57 | Build | House |
| 21:58 | Build | House |
| 22:00 | Build | House |
| 22:02 | Build | House |
| 22:12 | Build | Barracks |
| 22:39 | Create | Trade Cart |
| 22:39 | Create | Trade Cart |
| 22:40 | Create | Trade Cart |
| 22:41 | Create | Trade Cart |
| 23:08 | Build | Lumber Camp |
| 23:18 | Build | Lumber Camp |
| 23:30 | Research | Man-at-Arms (upgrade) |
| 23:40 | Build | Farm |
| 24:46 | Build | Farm |
| 24:48 | Build | Farm |
| 24:49 | Build | Farm |
| 24:51 | Build | Farm |
| 25:02 | Research | Castle Age |
| 25:37 | Build | Stone Wall |
| 25:39 | Build | Stone Wall |
| 25:51 | Build | Building 487 |
| 26:30 | Research | Horse Collar |
| 27:03 | Research | Scale Barding Armor |
| 27:08 | Research | Scale Mail Armor |
| 28:04 | Research | Bow Saw |
| 28:31 | Build | Town Center |
| 29:02 | Build | Building 487 |
| 29:15 | Create | Villager (Male) |
| 29:16 | Create | Villager (Male) |
| 29:16 | Create | Villager (Male) |
| 29:16 | Create | Villager (Male) |
| 29:16 | Create | Villager (Male) |
| 29:17 | Create | Villager (Male) |
| 29:17 | Create | Villager (Male) |
| 30:01 | Build | Mining Camp |
| 30:19 | Research | Heavy Plow |
| 31:08 | Research | Stone Mining |
| 32:20 | Create | Villager (Male) |
| 32:20 | Create | Villager (Male) |
| 32:21 | Create | Villager (Male) |
| 32:21 | Create | Villager (Male) |
| 32:21 | Create | Villager (Male) |
| 32:22 | Create | Villager (Male) |
| 32:44 | Build | Stone Wall |
| 32:47 | Build | Stone Wall |
| 32:57 | Build | Farm |
| 33:17 | Build | Farm |
| 33:45 | Build | Farm |
| 33:54 | Create | Villager (Male) |
| 33:54 | Create | Villager (Male) |
| 33:54 | Create | Villager (Male) |
| 33:55 | Create | Villager (Male) |
| 33:55 | Create | Villager (Male) |
| 33:55 | Create | Villager (Male) |
| 33:55 | Create | Villager (Male) |
| 34:13 | Build | Lumber Camp |
| 34:33 | Build | Building 487 |
| 34:43 | Build | Farm |
| 34:45 | Build | Farm |
| 34:56 | Build | Farm |
| 35:01 | Create | Villager (Male) |
| 35:01 | Create | Villager (Male) |
| 35:07 | Research | Stone Shaft Mining |
| 36:08 | Build | Stone Wall |
| 36:21 | Build | Farm |
| 36:23 | Build | Farm |
| 36:31 | Create | Villager (Male) |
| 36:31 | Create | Villager (Male) |
| 36:31 | Create | Villager (Male) |
| 36:31 | Create | Villager (Male) |
| 36:32 | Create | Villager (Male) |
| 36:32 | Create | Villager (Male) |
| 36:32 | Create | Villager (Male) |
| 36:32 | Create | Villager (Male) |
| 37:37 | Build | Stone Wall |
| 37:52 | Build | Stone Wall |
| 37:58 | Build | Building 487 |
| 38:00 | Build | Building 487 |
| 38:13 | Build | Farm |
| 38:14 | Build | Farm |
| 38:16 | Build | Farm |
| 38:29 | Build | Farm |
| 38:43 | Build | House |
| 38:44 | Build | House |
| 38:46 | Build | House |
| 38:47 | Build | House |
| 38:48 | Build | House |
| 38:49 | Build | House |
Build order — selvin12ps
First 150 of 325 actions detected
| 0:02 | Build | House |
| 0:04 | Build | House |
| 0:04 | Create | Villager (Male) |
| 0:06 | Build | House |
| 0:17 | Create | Villager (Male) |
| 0:17 | Create | Villager (Male) |
| 0:18 | Create | Villager (Male) |
| 0:18 | Create | Villager (Male) |
| 1:54 | Create | Villager (Male) |
| 1:54 | Create | Villager (Male) |
| 2:15 | Create | Villager (Male) |
| 2:15 | Create | Villager (Male) |
| 2:40 | Create | Villager (Male) |
| 3:04 | Create | Villager (Male) |
| 3:04 | Create | Villager (Male) |
| 3:24 | Create | Villager (Male) |
| 3:24 | Create | Villager (Male) |
| 3:48 | Create | Villager (Male) |
| 3:48 | Create | Villager (Male) |
| 4:03 | Build | Lumber Camp |
| 4:20 | Create | Villager (Male) |
| 4:20 | Create | Villager (Male) |
| 4:20 | Create | Villager (Male) |
| 4:36 | Create | Villager (Male) |
| 4:37 | Create | Villager (Male) |
| 5:01 | Create | Villager (Male) |
| 5:17 | Build | House |
| 5:24 | Create | Villager (Male) |
| 6:20 | Build | Dock |
| 6:41 | Create | Villager (Male) |
| 6:58 | Build | House |
| 6:59 | Create | Fishing Ship |
| 6:59 | Create | Fishing Ship |
| 7:08 | Create | Villager (Male) |
| 7:25 | Create | Fishing Ship |
| 7:31 | Build | House |
| 7:44 | Create | Fishing Ship |
| 7:55 | Create | Villager (Male) |
| 7:56 | Create | Villager (Male) |
| 8:32 | Build | Mill |
| 8:40 | Create | Villager (Male) |
| 9:14 | Research | Feudal Age |
| 9:18 | Build | Mining Camp |
| 9:31 | Create | Fishing Ship |
| 9:52 | Build | Palisade Wall |
| 11:11 | Create | Villager (Male) |
| 11:11 | Create | Villager (Male) |
| 11:18 | Create | Fishing Ship |
| 11:19 | Create | Fishing Ship |
| 11:24 | Age | Feudal Age |
| 11:29 | Build | Market |
| 11:33 | Build | Blacksmith |
| 11:37 | Create | Villager (Male) |
| 12:40 | Research | Castle Age |
| 13:11 | Create | Fishing Ship |
| 13:16 | Build | Fish Trap |
| 13:28 | Build | Fish Trap |
| 14:00 | Build | Fish Trap |
| 14:16 | Build | Fish Trap |
| 14:43 | Research | Double-Bit Axe |
| 14:50 | Build | Fish Trap |
| 15:20 | Age | Castle Age |
| 15:22 | Create | Villager (Male) |
| 15:38 | Build | Town Center |
| 16:00 | Build | Fish Trap |
| 16:03 | Create | Fishing Ship |
| 16:24 | Build | Fish Trap |
| 16:31 | Create | Fishing Ship |
| 16:32 | Create | Villager (Male) |
| 16:45 | Build | Town Center |
| 16:56 | Create | Villager (Male) |
| 17:12 | Create | Villager (Male) |
| 17:12 | Create | Villager (Male) |
| 17:12 | Create | Villager (Male) |
| 17:12 | Create | Villager (Male) |
| 17:13 | Create | Villager (Male) |
| 17:32 | Build | Town Center |
| 17:34 | Create | Villager (Male) |
| 17:35 | Create | Villager (Male) |
| 17:40 | Build | Fish Trap |
| 17:49 | Create | Fishing Ship |
| 18:07 | Research | Wheelbarrow |
| 18:12 | Build | House |
| 18:23 | Create | Fishing Ship |
| 18:24 | Create | Villager (Male) |
| 18:46 | Build | Fish Trap |
| 18:48 | Create | Villager (Male) |
| 18:48 | Create | Villager (Male) |
| 18:55 | Create | Villager (Male) |
| 18:55 | Create | Villager (Male) |
| 19:02 | Build | Dock |
| 19:07 | Create | Villager (Male) |
| 19:12 | Create | Fishing Ship |
| 19:14 | Create | Villager (Male) |
| 19:14 | Create | Villager (Male) |
| 19:21 | Build | House |
| 19:23 | Build | House |
| 19:23 | Build | House |
| 19:25 | Create | Villager (Male) |
| 19:27 | Create | Villager (Male) |
| 19:31 | Build | Fish Trap |
| 19:32 | Build | Fish Trap |
| 19:36 | Create | Fishing Ship |
| 19:37 | Research | Tech 906 |
| 19:42 | Create | Villager (Male) |
| 19:42 | Create | Villager (Male) |
| 19:47 | Research | Horse Collar |
| 20:02 | Create | Villager (Male) |
| 20:09 | Create | Fishing Ship |
| 20:12 | Create | Fishing Ship |
| 20:15 | Build | Fish Trap |
| 20:17 | Create | Fishing Ship |
| 20:39 | Create | Fishing Ship |
| 20:40 | Create | Villager (Male) |
| 20:40 | Create | Villager (Male) |
| 20:40 | Create | Villager (Male) |
| 20:41 | Create | Villager (Male) |
| 20:41 | Create | Villager (Male) |
| 20:45 | Build | House |
| 20:46 | Build | House |
| 20:49 | Build | Fish Trap |
| 20:56 | Create | Villager (Male) |
| 21:08 | Build | Fish Trap |
| 21:09 | Research | Heavy Plow |
| 21:11 | Create | Villager (Male) |
| 21:23 | Build | House |
| 21:25 | Build | House |
| 21:32 | Create | Fishing Ship |
| 21:36 | Build | Fish Trap |
| 21:45 | Build | Monastery |
| 21:47 | Build | Fish Trap |
| 21:51 | Create | Villager (Male) |
| 21:51 | Create | Villager (Male) |
| 21:59 | Build | Farm |
| 22:00 | Build | Farm |
| 22:00 | Build | Farm |
| 22:03 | Build | Farm |
| 22:05 | Build | Farm |
| 22:06 | Build | Farm |
| 22:13 | Build | Fish Trap |
| 22:17 | Create | Monk |
| 22:22 | Build | House |
| 22:22 | Build | House |
| 22:24 | Build | House |
| 22:27 | Build | Farm |
| 22:29 | Create | Villager (Male) |
| 22:29 | Create | Villager (Male) |
| 22:31 | Build | Farm |
| 22:31 | Build | Farm |
| 22:33 | Build | Farm |
Build order — Saint.Laurent
First 150 of 553 actions detected
| 0:01 | Create | Villager (Male) |
| 0:02 | Create | Villager (Male) |
| 0:02 | Create | Villager (Male) |
| 0:02 | Create | Villager (Male) |
| 0:02 | Create | Villager (Male) |
| 0:04 | Build | House |
| 0:06 | Build | House |
| 1:28 | Create | Villager (Male) |
| 1:46 | Build | Lumber Camp |
| 2:07 | Create | Villager (Male) |
| 2:20 | Create | Villager (Male) |
| 2:57 | Create | Villager (Male) |
| 3:07 | Create | Villager (Male) |
| 3:28 | Build | House |
| 3:34 | Create | Villager (Male) |
| 4:02 | Create | Villager (Male) |
| 4:02 | Create | Villager (Male) |
| 4:07 | Build | Mill |
| 4:31 | Create | Villager (Male) |
| 4:37 | Create | Villager (Male) |
| 5:10 | Build | House |
| 5:25 | Create | Villager (Male) |
| 5:40 | Create | Villager (Male) |
| 5:41 | Create | Villager (Male) |
| 5:44 | Create | Villager (Male) |
| 5:44 | Create | Villager (Male) |
| 6:08 | Create | Villager (Male) |
| 6:21 | Create | Villager (Male) |
| 8:05 | Build | Mining Camp |
| 8:12 | Research | Feudal Age |
| 8:55 | Create | Villager (Male) |
| 8:55 | Create | Villager (Male) |
| 8:58 | Build | House |
| 10:33 | Age | Feudal Age |
| 10:38 | Build | Blacksmith |
| 10:43 | Build | Market |
| 10:49 | Build | Market |
| 11:20 | Build | Farm |
| 11:23 | Build | Farm |
| 11:25 | Build | Farm |
| 12:17 | Research | Castle Age |
| 12:17 | Research | Castle Age |
| 13:11 | Build | Farm |
| 13:13 | Research | Double-Bit Axe |
| 13:13 | Research | Double-Bit Axe |
| 13:14 | Research | Horse Collar |
| 13:21 | Research | Horse Collar |
| 13:21 | Research | Horse Collar |
| 14:04 | Create | Villager (Male) |
| 14:56 | Age | Castle Age |
| 15:19 | Create | Villager (Male) |
| 15:25 | Build | Town Center |
| 15:38 | Build | Town Center |
| 15:47 | Create | Villager (Male) |
| 15:49 | Research | Bow Saw |
| 15:53 | Research | Heavy Plow |
| 15:53 | Research | Heavy Plow |
| 15:59 | Create | Villager (Male) |
| 16:00 | Create | Villager (Male) |
| 16:25 | Create | Villager (Male) |
| 16:51 | Research | Wheelbarrow |
| 16:51 | Research | Wheelbarrow |
| 16:51 | Research | Wheelbarrow |
| 17:03 | Build | House |
| 17:05 | Build | House |
| 17:07 | Create | Villager (Male) |
| 17:19 | Create | Villager (Male) |
| 17:19 | Create | Villager (Male) |
| 17:26 | Create | Villager (Male) |
| 17:27 | Create | Villager (Male) |
| 17:35 | Build | Farm |
| 17:37 | Create | Villager (Male) |
| 17:37 | Create | Villager (Male) |
| 17:46 | Build | Farm |
| 17:56 | Create | Villager (Male) |
| 17:56 | Create | Villager (Male) |
| 18:00 | Build | Farm |
| 18:07 | Create | Villager (Male) |
| 18:14 | Build | Farm |
| 18:24 | Build | Farm |
| 18:30 | Build | House |
| 18:31 | Build | House |
| 18:32 | Create | Villager (Male) |
| 18:33 | Create | Villager (Male) |
| 18:49 | Build | Monastery |
| 18:52 | Create | Villager (Male) |
| 18:52 | Create | Villager (Male) |
| 18:55 | Build | Farm |
| 19:00 | Create | Villager (Male) |
| 19:00 | Create | Villager (Male) |
| 19:07 | Build | Farm |
| 19:22 | Build | Lumber Camp |
| 19:24 | Create | Villager (Male) |
| 19:24 | Create | Villager (Male) |
| 19:28 | Build | Farm |
| 19:38 | Build | Farm |
| 19:39 | Create | Villager (Male) |
| 19:39 | Create | Villager (Male) |
| 19:45 | Build | Farm |
| 19:45 | Build | Farm |
| 19:45 | Build | Farm |
| 19:49 | Create | Monk |
| 19:49 | Create | Monk |
| 19:51 | Build | House |
| 20:05 | Create | Monk |
| 20:07 | Create | Villager (Male) |
| 20:07 | Create | Villager (Male) |
| 20:12 | Build | Farm |
| 20:14 | Create | Villager (Male) |
| 20:17 | Build | Farm |
| 20:21 | Build | Farm |
| 20:22 | Create | Villager (Male) |
| 20:22 | Create | Villager (Male) |
| 20:28 | Build | House |
| 20:30 | Build | House |
| 20:37 | Build | Farm |
| 20:37 | Build | Farm |
| 20:39 | Create | Villager (Male) |
| 20:43 | Build | Farm |
| 20:48 | Build | Farm |
| 20:57 | Create | Villager (Male) |
| 20:57 | Create | Villager (Male) |
| 21:12 | Create | Villager (Male) |
| 21:13 | Create | Villager (Male) |
| 21:16 | Build | Farm |
| 21:20 | Build | Farm |
| 21:21 | Create | Villager (Male) |
| 21:21 | Create | Villager (Male) |
| 21:35 | Build | Farm |
| 21:58 | Research | Hand Cart |
| 21:59 | Research | Hand Cart |
| 22:04 | Build | Farm |
| 22:08 | Create | Villager (Male) |
| 22:13 | Build | Farm |
| 22:15 | Create | Villager (Male) |
| 22:16 | Create | Villager (Male) |
| 22:21 | Build | House |
| 22:54 | Build | Town Center |
| 23:08 | Create | Villager (Male) |
| 23:08 | Create | Villager (Male) |
| 23:09 | Create | Monk |
| 23:12 | Build | Farm |
| 23:13 | Create | Villager (Male) |
| 23:13 | Create | Villager (Male) |
| 23:19 | Build | House |
| 23:20 | Build | House |
| 23:22 | Build | House |
| 23:24 | Create | Villager (Male) |
| 23:24 | Create | Villager (Male) |
| 23:45 | Create | Villager (Male) |
Build order — WasntSeba
First 150 of 184 actions detected
| 0:10 | Create | Villager (Male) |
| 0:11 | Create | Villager (Male) |
| 0:11 | Create | Villager (Male) |
| 0:11 | Create | Villager (Male) |
| 0:19 | Build | House |
| 0:20 | Build | House |
| 0:21 | Build | House |
| 2:20 | Create | Villager (Male) |
| 2:20 | Create | Villager (Male) |
| 3:18 | Create | Villager (Male) |
| 3:19 | Create | Villager (Male) |
| 4:03 | Create | Villager (Male) |
| 4:03 | Create | Villager (Male) |
| 5:34 | Build | Palisade Wall |
| 5:46 | Build | Palisade Gate |
| 5:58 | Create | Villager (Male) |
| 5:58 | Create | Villager (Male) |
| 5:58 | Create | Villager (Male) |
| 5:58 | Create | Villager (Male) |
| 5:59 | Create | Villager (Male) |
| 5:59 | Create | Villager (Male) |
| 5:59 | Create | Villager (Male) |
| 6:08 | Research | Loom |
| 7:23 | Build | House |
| 7:28 | Build | House |
| 7:53 | Build | House |
| 8:06 | Build | Dock |
| 8:14 | Create | Villager (Male) |
| 8:19 | Create | Villager (Male) |
| 8:19 | Create | Villager (Male) |
| 8:34 | Build | Lumber Camp |
| 9:56 | Build | Mill |
| 10:39 | Build | Mining Camp |
| 12:03 | Research | Feudal Age |
| 12:11 | Create | Fishing Ship |
| 12:11 | Create | Fishing Ship |
| 12:12 | Create | Fishing Ship |
| 12:12 | Create | Fishing Ship |
| 12:12 | Create | Fishing Ship |
| 14:08 | Create | Villager (Male) |
| 14:09 | Create | Villager (Male) |
| 14:13 | Age | Feudal Age |
| 14:39 | Build | Mill |
| 15:06 | Build | Market |
| 15:21 | Build | Blacksmith |
| 16:07 | Create | Fishing Ship |
| 16:07 | Create | Fishing Ship |
| 16:08 | Create | Fishing Ship |
| 16:22 | Build | Dock |
| 17:56 | Build | Fish Trap |
| 18:01 | Build | Fish Trap |
| 18:07 | Build | Fish Trap |
| 18:21 | Research | Castle Age |
| 18:32 | Build | Fish Trap |
| 19:27 | Build | Barracks |
| 19:55 | Create | Trade Cart |
| 20:13 | Create | Trade Cart |
| 21:01 | Age | Castle Age |
| 21:08 | Build | House |
| 21:13 | Create | Villager (Male) |
| 21:13 | Create | Villager (Male) |
| 21:13 | Create | Villager (Male) |
| 21:14 | Create | Villager (Male) |
| 21:14 | Create | Villager (Male) |
| 21:14 | Create | Villager (Male) |
| 22:15 | Build | Town Center |
| 23:34 | Create | Villager (Male) |
| 23:34 | Create | Villager (Male) |
| 23:34 | Create | Villager (Male) |
| 23:35 | Create | Villager (Male) |
| 23:35 | Create | Villager (Male) |
| 23:35 | Create | Villager (Male) |
| 23:36 | Create | Villager (Male) |
| 23:37 | Create | Villager (Male) |
| 23:37 | Create | Villager (Male) |
| 23:40 | Create | Villager (Male) |
| 23:50 | Build | House |
| 23:51 | Build | House |
| 24:03 | Build | Fish Trap |
| 24:24 | Research | Double-Bit Axe |
| 24:48 | Build | Mining Camp |
| 25:01 | Build | Fish Trap |
| 25:12 | Create | Villager (Male) |
| 25:12 | Create | Villager (Male) |
| 25:12 | Create | Villager (Male) |
| 25:12 | Create | Villager (Male) |
| 25:13 | Create | Villager (Male) |
| 25:13 | Create | Villager (Male) |
| 25:13 | Create | Villager (Male) |
| 25:14 | Create | Villager (Male) |
| 25:14 | Create | Villager (Male) |
| 25:18 | Create | Villager (Male) |
| 25:26 | Build | Fish Trap |
| 25:43 | Build | Mill |
| 25:53 | Create | Trade Cart |
| 26:38 | Build | Market |
| 27:22 | Build | Monastery |
| 27:55 | Build | House |
| 27:56 | Build | House |
| 27:59 | Build | House |
| 28:17 | Create | Monk |
| 28:26 | Build | House |
| 28:27 | Build | House |
| 28:29 | Build | House |
| 28:30 | Build | House |
| 29:13 | Build | Castle |
| 29:26 | Create | Villager (Male) |
| 29:26 | Create | Villager (Male) |
| 29:27 | Create | Villager (Male) |
| 29:27 | Create | Villager (Male) |
| 29:27 | Create | Villager (Male) |
| 29:27 | Create | Villager (Male) |
| 29:28 | Create | Villager (Male) |
| 29:32 | Create | Villager (Male) |
| 29:38 | Create | Villager (Male) |
| 29:39 | Create | Villager (Male) |
| 29:39 | Create | Villager (Male) |
| 29:39 | Create | Villager (Male) |
| 29:50 | Create | Fishing Ship |
| 29:50 | Create | Fishing Ship |
| 29:51 | Create | Fishing Ship |
| 29:56 | Create | Fishing Ship |
| 29:56 | Create | Fishing Ship |
| 29:56 | Create | Fishing Ship |
| 30:45 | Build | Fish Trap |
| 30:50 | Build | Fish Trap |
| 31:11 | Build | Mining Camp |
| 31:17 | Create | Trade Cart |
| 31:18 | Create | Trade Cart |
| 31:18 | Create | Trade Cart |
| 31:26 | Create | Trade Cart |
| 31:26 | Create | Trade Cart |
| 31:26 | Create | Trade Cart |
| 31:35 | Build | Fish Trap |
| 31:40 | Build | Fish Trap |
| 32:31 | Build | Siege Workshop |
| 32:32 | Build | Siege Workshop |
| 32:39 | Build | Fish Trap |
| 32:44 | Build | Fish Trap |
| 33:09 | Create | Cataphract |
| 33:09 | Create | Cataphract |
| 33:09 | Create | Cataphract |
| 33:09 | Create | Cataphract |
| 33:10 | Create | Cataphract |
| 33:10 | Create | Cataphract |
| 33:10 | Create | Cataphract |
| 33:10 | Create | Cataphract |
| 33:11 | Create | Cataphract |
| 33:11 | Create | Cataphract |
| 33:11 | Create | Cataphract |
Build order — capitan_nemo
First 150 of 166 actions detected
| 0:07 | Build | House |
| 0:10 | Build | House |
| 0:11 | Create | Villager (Male) |
| 0:12 | Create | Villager (Male) |
| 0:12 | Create | Villager (Male) |
| 0:12 | Create | Villager (Male) |
| 0:12 | Create | Villager (Male) |
| 1:59 | Create | Villager (Male) |
| 1:59 | Create | Villager (Male) |
| 2:24 | Create | Villager (Male) |
| 2:25 | Create | Villager (Male) |
| 2:51 | Build | Mill |
| 4:07 | Create | Villager (Male) |
| 4:07 | Create | Villager (Male) |
| 4:07 | Create | Villager (Male) |
| 4:57 | Create | Villager (Male) |
| 4:57 | Create | Villager (Male) |
| 5:00 | Create | Villager (Male) |
| 5:16 | Build | House |
| 5:23 | Create | Villager (Male) |
| 5:24 | Create | Villager (Male) |
| 7:02 | Create | Villager (Male) |
| 7:02 | Create | Villager (Male) |
| 9:07 | Build | Mining Camp |
| 10:21 | Build | Lumber Camp |
| 10:26 | Research | Feudal Age |
| 10:46 | Build | House |
| 11:02 | Build | Barracks |
| 12:02 | Build | House |
| 12:08 | Create | Villager (Male) |
| 12:09 | Create | Villager (Male) |
| 12:36 | Age | Feudal Age |
| 12:54 | Create | Militia |
| 12:54 | Create | Militia |
| 12:55 | Create | Spearman |
| 12:56 | Create | Spearman |
| 13:04 | Build | Stable |
| 13:50 | Research | Double-Bit Axe |
| 14:10 | Build | Stable |
| 14:15 | Research | Bloodlines |
| 14:16 | Create | Scout Cavalry |
| 14:43 | Create | Villager (Male) |
| 14:43 | Create | Villager (Male) |
| 14:44 | Create | Villager (Male) |
| 14:51 | Build | Farm |
| 14:57 | Build | Farm |
| 15:16 | Create | Scout Cavalry |
| 15:16 | Create | Scout Cavalry |
| 16:00 | Build | Stone Wall |
| 16:48 | Build | House |
| 16:51 | Build | House |
| 17:05 | Build | Market |
| 17:16 | Build | Blacksmith |
| 17:41 | Create | Villager (Male) |
| 17:42 | Create | Villager (Male) |
| 19:03 | Create | Scout Cavalry |
| 19:03 | Create | Scout Cavalry |
| 19:10 | Create | Spearman |
| 19:10 | Create | Spearman |
| 20:05 | Build | Building 665 |
| 20:29 | Build | Farm |
| 20:32 | Build | Farm |
| 20:34 | Build | Farm |
| 20:36 | Build | Farm |
| 20:40 | Build | Farm |
| 21:02 | Create | Militia |
| 21:15 | Create | Scout Cavalry |
| 21:15 | Create | Scout Cavalry |
| 21:43 | Build | Archery Range |
| 21:50 | Build | Archery Range |
| 22:56 | Research | Castle Age |
| 23:26 | Research | Horse Collar |
| 23:47 | Create | Skirmisher |
| 24:16 | Build | Barracks |
| 24:31 | Create | Scout Cavalry |
| 24:31 | Create | Scout Cavalry |
| 25:01 | Build | Mining Camp |
| 25:13 | Create | Villager (Male) |
| 25:13 | Create | Villager (Male) |
| 25:36 | Age | Castle Age |
| 25:38 | Build | House |
| 25:40 | Build | House |
| 26:05 | Build | Town Center |
| 26:18 | Research | Scale Barding Armor |
| 27:11 | Create | Villager (Male) |
| 27:12 | Create | Villager (Male) |
| 27:27 | Build | Farm |
| 27:29 | Build | Farm |
| 27:42 | Build | House |
| 27:44 | Build | House |
| 27:49 | Build | House |
| 27:54 | Create | Villager (Male) |
| 27:54 | Create | Villager (Male) |
| 28:00 | Build | Farm |
| 28:40 | Create | Villager (Male) |
| 28:44 | Create | Villager (Male) |
| 28:57 | Build | Farm |
| 29:26 | Build | Town Center |
| 29:35 | Research | Husbandry |
| 29:44 | Create | Villager (Male) |
| 30:07 | Build | House |
| 30:10 | Build | House |
| 30:22 | Create | Villager (Male) |
| 30:24 | Create | Villager (Male) |
| 30:48 | Create | Villager (Male) |
| 30:51 | Create | Villager (Male) |
| 31:03 | Build | Farm |
| 31:24 | Create | Villager (Male) |
| 31:25 | Create | Villager (Male) |
| 31:34 | Build | House |
| 31:38 | Build | House |
| 31:43 | Build | House |
| 31:48 | Create | Villager (Male) |
| 31:49 | Create | Villager (Male) |
| 31:52 | Create | Villager (Male) |
| 31:53 | Create | Villager (Male) |
| 32:06 | Build | Farm |
| 32:13 | Build | Farm |
| 32:25 | Create | Villager (Male) |
| 32:25 | Create | Villager (Male) |
| 32:32 | Build | Farm |
| 32:33 | Build | Farm |
| 32:34 | Build | Farm |
| 32:35 | Build | Farm |
| 32:46 | Create | Villager (Male) |
| 33:03 | Create | Villager (Male) |
| 33:18 | Research | Elite Skirmisher (upgrade) |
| 33:46 | Build | University |
| 34:16 | Create | Knight |
| 34:17 | Create | Knight |
| 34:17 | Create | Knight |
| 34:17 | Create | Knight |
| 34:24 | Create | Cavalry Archer |
| 34:25 | Create | Cavalry Archer |
| 34:25 | Create | Cavalry Archer |
| 34:26 | Create | Cavalry Archer |
| 34:42 | Build | Farm |
| 34:42 | Build | Farm |
| 34:50 | Create | Villager (Male) |
| 34:51 | Create | Villager (Male) |
| 34:55 | Create | Villager (Male) |
| 34:56 | Create | Villager (Male) |
| 34:59 | Create | Villager (Male) |
| 34:59 | Create | Villager (Male) |
| 35:05 | Build | Farm |
| 35:07 | Build | Farm |
| 35:08 | Build | Farm |
| 35:10 | Build | Farm |
| 35:31 | Research | Pikeman (upgrade) |
| 35:44 | Build | House |
Build order — Double G
First 150 of 423 actions detected
| 0:03 | Build | House |
| 0:04 | Build | House |
| 0:06 | Create | Villager (Male) |
| 0:06 | Create | Villager (Male) |
| 0:33 | Research | Loom |
| 0:35 | Create | Villager (Male) |
| 0:35 | Create | Villager (Male) |
| 0:35 | Create | Villager (Male) |
| 1:29 | Build | Palisade Wall |
| 1:41 | Create | Villager (Male) |
| 1:42 | Create | Villager (Male) |
| 1:42 | Create | Villager (Male) |
| 2:15 | Create | Villager (Male) |
| 2:16 | Create | Villager (Male) |
| 2:42 | Build | Lumber Camp |
| 2:43 | Create | Villager (Male) |
| 2:43 | Create | Villager (Male) |
| 3:15 | Create | Villager (Male) |
| 3:15 | Create | Villager (Male) |
| 3:56 | Build | Palisade Wall |
| 4:00 | Create | Villager (Male) |
| 4:00 | Create | Villager (Male) |
| 4:13 | Create | Villager (Male) |
| 4:13 | Create | Villager (Male) |
| 4:13 | Create | Villager (Male) |
| 4:23 | Build | House |
| 4:53 | Create | Villager (Male) |
| 4:53 | Create | Villager (Male) |
| 5:12 | Build | Palisade Wall |
| 5:21 | Create | Villager (Male) |
| 5:21 | Create | Villager (Male) |
| 6:02 | Create | Villager (Male) |
| 6:02 | Create | Villager (Male) |
| 6:08 | Build | Mill |
| 6:29 | Build | House |
| 6:55 | Create | Villager (Male) |
| 6:55 | Create | Villager (Male) |
| 7:01 | Create | Villager (Male) |
| 7:01 | Create | Villager (Male) |
| 7:11 | Create | Villager (Male) |
| 7:11 | Create | Villager (Male) |
| 7:43 | Create | Villager (Male) |
| 7:56 | Build | Mining Camp |
| 8:18 | Create | Villager (Male) |
| 8:18 | Create | Villager (Male) |
| 8:27 | Build | House |
| 8:31 | Create | Villager (Male) |
| 8:31 | Create | Villager (Male) |
| 8:36 | Create | Villager (Male) |
| 8:36 | Create | Villager (Male) |
| 9:39 | Build | Mill |
| 10:37 | Research | Feudal Age |
| 10:37 | Research | Feudal Age |
| 12:39 | Create | Villager (Male) |
| 12:39 | Create | Villager (Male) |
| 12:47 | Age | Feudal Age |
| 12:52 | Build | House |
| 13:05 | Build | Market |
| 13:14 | Build | Blacksmith |
| 13:23 | Create | Villager (Male) |
| 13:38 | Build | Mill |
| 13:47 | Build | Mining Camp |
| 13:58 | Create | Villager (Male) |
| 14:39 | Create | Villager (Male) |
| 14:39 | Create | Villager (Male) |
| 15:34 | Create | Villager (Male) |
| 16:06 | Research | Castle Age |
| 16:07 | Research | Castle Age |
| 16:46 | Research | Horse Collar |
| 16:53 | Build | Farm |
| 16:53 | Build | Farm |
| 16:53 | Build | Farm |
| 16:53 | Build | Farm |
| 16:53 | Build | Farm |
| 16:55 | Build | Farm |
| 17:05 | Create | Villager (Male) |
| 17:34 | Research | Double-Bit Axe |
| 17:39 | Research | Gold Mining |
| 17:52 | Research | Stone Mining |
| 17:58 | Build | Farm |
| 17:59 | Build | Farm |
| 17:59 | Build | Farm |
| 17:59 | Build | Farm |
| 17:59 | Build | Farm |
| 18:00 | Build | Farm |
| 18:00 | Build | Farm |
| 18:01 | Build | Farm |
| 18:26 | Create | Villager (Male) |
| 18:26 | Create | Villager (Male) |
| 18:46 | Age | Castle Age |
| 18:52 | Build | Town Center |
| 18:59 | Build | Town Center |
| 19:08 | Create | Villager (Male) |
| 19:33 | Research | Bow Saw |
| 19:33 | Research | Bow Saw |
| 20:12 | Build | Outpost |
| 20:16 | Create | Villager (Male) |
| 20:16 | Create | Villager (Male) |
| 20:16 | Create | Villager (Male) |
| 20:40 | Build | Town Center |
| 20:47 | Create | Villager (Male) |
| 20:48 | Create | Villager (Male) |
| 21:08 | Research | Town Watch |
| 21:11 | Research | Wheelbarrow |
| 21:19 | Research | Wheelbarrow |
| 21:21 | Create | Villager (Male) |
| 21:21 | Create | Villager (Male) |
| 21:21 | Create | Villager (Male) |
| 21:35 | Build | Farm |
| 21:36 | Build | Farm |
| 21:36 | Build | Farm |
| 21:36 | Build | Farm |
| 21:45 | Create | Villager (Male) |
| 21:45 | Create | Villager (Male) |
| 21:45 | Create | Villager (Male) |
| 21:55 | Build | House |
| 21:57 | Build | House |
| 22:06 | Create | Villager (Male) |
| 22:06 | Create | Villager (Male) |
| 22:31 | Build | Farm |
| 22:31 | Build | Farm |
| 22:32 | Build | Farm |
| 22:33 | Build | Farm |
| 22:36 | Create | Villager (Male) |
| 22:36 | Create | Villager (Male) |
| 22:36 | Create | Villager (Male) |
| 22:37 | Create | Villager (Male) |
| 22:53 | Build | House |
| 22:54 | Build | House |
| 22:57 | Create | Villager (Male) |
| 22:57 | Create | Villager (Male) |
| 23:04 | Build | Lumber Camp |
| 23:13 | Create | Villager (Male) |
| 23:13 | Create | Villager (Male) |
| 23:14 | Create | Villager (Male) |
| 23:14 | Create | Villager (Male) |
| 23:26 | Build | Farm |
| 23:26 | Build | Farm |
| 23:26 | Build | Farm |
| 23:32 | Create | Villager (Male) |
| 23:32 | Create | Villager (Male) |
| 23:33 | Create | Villager (Male) |
| 23:33 | Create | Villager (Male) |
| 23:36 | Build | Farm |
| 23:36 | Build | Farm |
| 23:43 | Create | Villager (Male) |
| 23:43 | Create | Villager (Male) |
| 23:54 | Build | House |
| 23:56 | Build | House |
| 23:58 | Create | Villager (Male) |
Match timeline
| 0:53 | DtQW1 · wall_segment Palisade Wall x6 |
| 0:56 | DtQW1 · wall_segment Palisade Wall x4 |
| 0:57 | DtQW1 · wall_segment Palisade Wall x10 |
| 1:00 | Caçador · wall_segment Palisade Wall x8 |
| 1:29 | Double G · wall_segment Palisade Wall x19 |
| 3:47 | DtQW1 · wall_segment Palisade Wall x2 |
| 3:49 | DtQW1 · wall_segment Palisade Wall x2 |
| 3:51 | DtQW1 · wall_segment Palisade Wall x2 |
| 3:53 | DtQW1 · wall_segment Palisade Wall x3 |
| 3:56 | Double G · wall_segment Palisade Wall x16 |
| 5:12 | Double G · wall_segment Palisade Wall x7 |
| 5:34 | WasntSeba · wall_segment Palisade Wall x13 |
| 5:51 | DtQW1 · wall_segment Palisade Wall x7 |
| 6:20 | selvin12ps · first_building Dock |
| 6:36 | DtQW1 · wall_segment Palisade Wall x13 |
| 7:15 | Caçador · first_building Dock |
| 8:06 | WasntSeba · first_building Dock |
| 9:52 | selvin12ps · wall_segment Palisade Wall x13 |
| 10:33 | Saint.Laurent · age_up feudal |
| 11:02 | capitan_nemo · first_building Barracks |
| 11:24 | selvin12ps · age_up feudal |
| 12:36 | capitan_nemo · age_up feudal |
| 12:43 | Caçador · age_up feudal |
| 12:47 | Double G · age_up feudal |
| 13:04 | capitan_nemo · first_building Stable |
| 13:45 | Caçador · wall_segment Stone Wall x13 |
| 14:13 | WasntSeba · age_up feudal |
| 14:30 | DtQW1 · age_up feudal |
| 14:56 | Saint.Laurent · age_up castle |
| 15:15 | DtQW1 · first_building Barracks |
| 15:20 | selvin12ps · age_up castle |
| 15:57 | Double G · first_market_buy 100 food |
| 16:00 | capitan_nemo · wall_segment Stone Wall x8 |
| 16:38 | selvin12ps · first_market_buy 100 stone |
| 18:46 | Double G · age_up castle |
| 18:49 | Saint.Laurent · first_building Monastery |
| 18:56 | DtQW1 · wall_segment Palisade Wall x12 |
| 19:27 | WasntSeba · first_building Barracks |
| 21:01 | WasntSeba · age_up castle |
| 21:43 | capitan_nemo · first_building Archery Range |
| 21:45 | selvin12ps · first_building Monastery |
| 22:10 | DtQW1 · first_building Archery Range |
| 22:12 | dorresaurio · first_building Barracks |
| 22:20 | Caçador · age_up castle |
| 22:42 | Caçador · first_building Castle |
| 22:48 | capitan_nemo · first_market_buy 100 food |
| 23:16 | Caçador · first_market_buy 100 wood |
| 23:21 | selvin12ps · first_building Barracks |
| 24:09 | Double G · first_building Barracks |
| 25:36 | capitan_nemo · age_up castle |
| 25:37 | dorresaurio · wall_segment Stone Wall x10 |
| 25:39 | dorresaurio · wall_segment Stone Wall x3 |
| 26:02 | Caçador · first_building Monastery |
| 26:18 | Double G · first_building Monastery |
| 26:27 | selvin12ps · first_building Siege Workshop |
| 27:22 | WasntSeba · first_building Monastery |
| 27:32 | Saint.Laurent · first_building Barracks |
| 27:39 | DtQW1 · age_up castle |
| 27:44 | DtQW1 · first_building Siege Workshop |
| 28:02 | Double G · first_building Siege Workshop |
| 28:12 | selvin12ps · first_building Castle |
| 28:20 | Double G · first_building Castle |
| 28:48 | Saint.Laurent · first_building Castle |
| 29:13 | WasntSeba · first_building Castle |
| 29:13 | Double G · first_building Stable |
| 29:41 | selvin12ps · first_market_sell 500 wood |
| 30:19 | Saint.Laurent · age_up imperial |
| 32:26 | selvin12ps · age_up imperial |
| 32:31 | WasntSeba · first_building Siege Workshop |
| 32:38 | Double G · age_up imperial |
| 32:44 | dorresaurio · wall_segment Stone Wall x2 |
| 32:47 | dorresaurio · wall_segment Stone Wall x4 |
| 33:07 | Caçador · first_building Barracks |
| 33:11 | DtQW1 · wall_segment Palisade Wall x5 |
| 33:13 | DtQW1 · wall_segment Palisade Wall x2 |
| 33:15 | DtQW1 · wall_segment Palisade Wall x3 |
| 33:44 | Caçador · wall_segment Stone Wall x9 |
| 34:06 | Caçador · first_building Siege Workshop |
| 35:00 | Caçador · wall_segment Stone Wall x13 |
| 35:37 | DtQW1 · first_building Castle |
| 35:37 | Caçador · age_up imperial |
| 35:59 | WasntSeba · first_building Archery Range |
| 36:08 | dorresaurio · wall_segment Stone Wall x4 |
| 36:38 | capitan_nemo · first_building Siege Workshop |
| 37:28 | Caçador · wall_segment Stone Wall x1 |
| 37:37 | dorresaurio · wall_segment Stone Wall x1 |
| 37:52 | dorresaurio · wall_segment Stone Wall x18 |
| 38:13 | DtQW1 · first_market_buy 100 wood |
| 39:12 | Caçador · resign |
| 39:35 | Saint.Laurent · first_market_buy 100 stone |
[ AI ANALYSIS · 1 CREDIT ]
What really happened in this match?
Wolo.gg analyzes every decision: build order, eco, micro, common mistakes by bracket. Personalized analysis on WhatsApp or Discord in 30 seconds.
Civ guide
Bohemians
Perfil
Jugador #9597731